Unix NetHack Version 3.7.0-58 Work-in-progress - last build May 9 2022 01:57:28 (68cf6e19034123fb635188453c0de67a0aba65fd,branch:master). Game began 2022-05-09 08:01:10, ended 2022-05-09 08:08:06. Arasaka, neutral male gnomish Healer --- |.| --.| |..| -----..| ----.|....| --|.........| -.|-.....---- -..|....|.------- |.....---|.........-- |<..--- -----...f@f --- ----- Arasaka the Rhizotomist St:7 Dx:14 Co:15 In:8 Wi:18 Ch:18 Neutral Dlvl:5 $:1854 HP:0(13) Pw:6(6) AC:7 Xp:1/5 T:1098 Latest messages: Behemoth bites the grid bug. Behemoth misses the grid bug. The grid bug is hit by a rock! The grid bug is killed! The grid bug is hit by a rock! The grid bug is killed! You hear some noises in the distance. Please move the cursor to an unknown object. (For instructions type a '?') The grid bug bites! You get zapped! The grid bug misses! You hear some noises in the distance. The grid bug bites! You get zapped! You float slightly lower. You wobble unsteadily in the air. You float gently to the floor. It misses the grid bug. It bites the grid bug. It misses the grid bug. You hear some noises in the distance. Behemoth misses it. You stop. Behemoth is in the way! The grid bug bites! You get zapped! Behemoth bites the grid bug. The grid bug is killed! You swap places with Behemoth. You descend the stairs. Behemoth misses the fox. Behemoth bites the fox. The fox is killed! You hear someone cursing shoplifters. Behemoth eats a fox corpse. You swap places with Behemoth. You swap places with Behemoth. You hear a door open. You swap places with Behemoth. You hear a door open. You hear a door open. You hear the splashing of a naiad. You swap places with Behemoth. The kitten bites! You hit the kitten. The kitten bites! The kitten bites! You miss the kitten. The kitten bites! You die... Major events: Turn 1: Arasaka the neutral male gnomish Healer entered the dungeon 546: entered the Gnomish Mines 1098: killed by a kitten Inventory: Coins ('$') $ - 1854 gold pieces Weapons (')') a - an uncursed +0 scalpel (weapon in hand) Armor ('[') r - an uncursed +0 elven leather helm (being worn) b - a blessed +1 pair of leather gloves (being worn) Comestibles ('%') j - 5 uncursed apples s - a cursed cram ration k - a cursed food ration p - 2 uncursed tripe rations Scrolls ('?') t - an uncursed scroll of confuse monster Spellbooks ('+') h - a blessed spellbook of extra healing g - a blessed spellbook of healing i - a blessed spellbook of stone to flesh Potions ('!') l - 4 uncursed potions of extra healing d - 3 uncursed potions of healing u - an uncursed potion of water Wands ('/') f - an uncursed wand of sleep (0:5) Tools ('(') q - an uncursed +0 pick-axe e - a cursed skeleton key c - an uncursed stethoscope Gems/Stones ('*') m - an uncursed worthless piece of white glass Arasaka the Healer's attributes: Background: You were a Rhizotomist, a level 1 male gnomish Healer. You were neutral, nominally on a mission for Hermes who was opposed by Athena (lawful) and Poseidon (chaotic). You were in the Gnomish Mines, on level 5. You entered the dungeon 1098 turns ago. You had 5 experience points, 15 more were needed to attain level 2. Basics: You had 0 out of 13 hit points. You had all 6 energy points (spell power). Your armor class was 7. Your wallet contained 1854 zorkmids. Autopickup was on for '$"?' plus thrown, with exceptions. Final Characteristics: Your strength was 7 (limit:18/50). Your dexterity was 14 (limit:18). Your constitution was 15 (limit:18). Your intelligence was 8 (limit:19). Your wisdom was 18 (limit:18). Your charisma was 18 (limit:18). Final Status: You were not hungry. You were unencumbered. You were wielding a knife. You had basic skill with knife. Final Attributes: You were fervently aligned. You were poison resistant. You had infravision. You are dead. Miscellaneous: You disabled loading of bones levels. Total elapsed playing time was 6 minutes and 55 seconds. Vanquished creatures: a dwarf an acid blob 2 coyotes 2 hobbits a giant rat 2 yellow molds 2 gnomes 6 jackals a fox a goblin a sewer rat 8 grid bugs 2 lichens 7 newts 37 creatures vanquished. No species were genocided or became extinct. Voluntary challenges: You were an atheist. You read items or engraved 6 times. You engraved Elbereth 6 times. You never genocided any monsters. You never polymorphed an object. You never changed form. You used no wishes. Achievement: You entered the Gnomish Mines. The Dungeons of Doom: levels 1 to 3 Level 1: Level 2: Stairs down to The Gnomish Mines. Level 3: The Gnomish Mines: levels 3 to 5 Level 3: Level 4: Level 5: <- You were here. Final resting place for you, killed by a kitten. Game over: ---------- / \ / REST \ / IN \ / PEACE \ / \ | Arasaka | | 1854 Au | | killed by a | | kitten | | | | | | 2022 | *| * * * | * _________)/\\_//(\/(/\)/\//\/|_)_______ Goodbye Arasaka the Healer... You died in The Gnomish Mines on dungeon level 5 with 276 points, and 1854 pieces of gold, after 1098 moves. You were level 1 with a maximum of 13 hit points when you died.